[ AOE2 MATCH · #505344438 ]
UnrankedBurgundians vs Italians
[ REPLAY ANALYSIS · EXTRACTED FROM THE RECORDED GAME ]
Feudal
11:04
Castle
15:41
Imperial
—
| APM avg | 45.8 |
| APM peak | 88 |
| eAPM avg | 21.3 |
| Villagers / military | 75 / 49 |
Focus
⚔️ 20.1% · 🌾 79.9%
Knight ×39 · Monk ×6 · Spearman ×4
Feudal
10:07
Castle
15:59
Imperial
—
| APM avg | 24.4 |
| APM peak | 62 |
| eAPM avg | 16.9 |
| Villagers / military | 99 / 43 |
Focus
⚔️ 19.9% · 🌾 80.1%
Archer ×41 · Monk ×2
Feudal
10:27
Castle
14:21
Imperial
—
| APM avg | 29.6 |
| APM peak | 58 |
| eAPM avg | 17.5 |
| Villagers / military | 135 / 46 |
Focus
⚔️ 18.4% · 🌾 81.6%
Knight ×41 · Monk ×3 · Spearman ×2
Feudal
11:38
Castle
16:02
Imperial
—
| APM avg | 21.9 |
| APM peak | 68 |
| eAPM avg | 14.4 |
| Villagers / military | 72 / 30 |
Focus
⚔️ 14.9% · 🌾 85.1%
Knight ×23 · Scout Cavalry ×5 · Camel Scout ×2
Feudal
12:11
Castle
16:31
Imperial
21:41
| APM avg | 32.9 |
| APM peak | 72 |
| eAPM avg | 17.0 |
| Villagers / military | 65 / 48 |
Focus
⚔️ 24.6% · 🌾 75.4%
Hand Cannoneer ×41 · Bombard Cannon ×6 · Monk ×1
Feudal
11:12
Castle
13:53
Imperial
—
| APM avg | 31.9 |
| APM peak | 72 |
| eAPM avg | 21.1 |
| Villagers / military | 110 / 35 |
Focus
⚔️ 36.8% · 🌾 63.2%
Scout Cavalry ×28 · Battle Elephant ×7
Match map
Initial resources + every placement click. Lines = walls · curves = elevation contours. ◆ gold · ⬟ stone · ● berries · ✦ relic · ◌ wall gap
Your base· ✓ Closed at 15:41 · 0t walls · 3 gate(s)
not_a_horseman's base· ✓ Closed at 15:59 · 0t walls · 2 gate(s)
LMG_Leonardo's base· ✓ Closed at 14:21 · 0t walls · 3 gate(s)
Jordan's base· ✓ Closed at 16:02 · 17t walls · 3 gate(s)
LMG_SON SABANDIJAS's base· ✓ Closed at 16:31 · 0t walls · 2 gate(s)
big_boss_boy28's base· ✓ Closed at 13:53 · 0t walls · 2 gate(s)
Smoothed initial terrain · ◌ = detected wall gap · hover for details
Inputs per minute
— LMG_HERA DE TEMU - - not_a_horseman
Build order — LMG_HERA DE TEMU
First 150 of 222 actions detected
| 0:02 | Queue | Villager (Male) |
| 0:02 | Queue | Villager (Male) |
| 0:02 | Queue | Villager (Male) |
| 0:02 | Queue | Villager (Male) |
| 0:02 | Queue | Villager (Male) |
| 0:03 | Queue | Villager (Male) |
| 0:05 | Build | House |
| 0:07 | Build | House |
| 1:47 | Queue | Villager (Male) |
| 1:47 | Queue | Villager (Male) |
| 1:47 | Queue | Villager (Male) |
| 2:01 | Queue | Villager (Male) |
| 2:01 | Queue | Villager (Male) |
| 2:22 | Build | Lumber Camp |
| 2:26 | Queue | Villager (Male) |
| 2:26 | Queue | Villager (Male) |
| 2:26 | Queue | Villager (Male) |
| 2:26 | Queue | Villager (Male) |
| 2:47 | Queue | Villager (Male) |
| 2:47 | Queue | Villager (Male) |
| 2:47 | Queue | Villager (Male) |
| 3:01 | Queue | Villager (Male) |
| 3:02 | Queue | Villager (Male) |
| 3:02 | Queue | Villager (Male) |
| 3:29 | Queue | Villager (Male) |
| 3:30 | Queue | Villager (Male) |
| 3:30 | Queue | Villager (Male) |
| 3:51 | Queue | Villager (Male) |
| 3:51 | Queue | Villager (Male) |
| 3:56 | Build | House |
| 3:57 | Build | House |
| 3:59 | Build | House |
| 4:07 | Queue | Villager (Male) |
| 4:08 | Queue | Villager (Male) |
| 4:08 | Queue | Villager (Male) |
| 4:28 | Queue | Villager (Male) |
| 4:28 | Queue | Villager (Male) |
| 5:09 | Build | Mill |
| 5:59 | Queue | Villager (Male) |
| 5:59 | Queue | Villager (Male) |
| 5:59 | Queue | Villager (Male) |
| 5:59 | Queue | Villager (Male) |
| 6:19 | Build | Mill |
| 6:47 | Queue | Villager (Male) |
| 6:47 | Queue | Villager (Male) |
| 6:47 | Queue | Villager (Male) |
| 7:23 | Build | Farm |
| 7:25 | Build | Farm |
| 7:36 | Queue | Villager (Male) |
| 7:36 | Queue | Villager (Male) |
| 7:37 | Queue | Villager (Male) |
| 8:38 | Build | Mining Camp |
| 8:51 | Research | Feudal Age |
| 9:47 | Queue | Villager (Male) |
| 9:48 | Queue | Villager (Male) |
| 11:04 | Age | Feudal Age |
| 11:07 | Build | Market |
| 11:11 | Build | Blacksmith |
| 11:51 | Build | Farm |
| 11:52 | Build | Farm |
| 12:06 | Queue | Villager (Male) |
| 12:06 | Queue | Villager (Male) |
| 12:19 | Build | Farm |
| 12:26 | Build | House |
| 13:01 | Research | Castle Age |
| 13:01 | Research | Castle Age |
| 13:01 | Research | Castle Age |
| 13:08 | Build | Farm |
| 13:24 | Build | House |
| 13:33 | Research | Gold Mining |
| 13:51 | Research | Double-Bit Axe |
| 14:22 | Build | Barracks |
| 14:32 | Queue | Villager (Male) |
| 14:32 | Queue | Villager (Male) |
| 14:33 | Queue | Villager (Male) |
| 15:08 | Build | House |
| 15:23 | Build | Stable |
| 15:41 | Age | Castle Age |
| 15:48 | Build | Monastery |
| 16:25 | Research | Cavalier (upgrade) |
| 16:26 | Queue | Monk |
| 16:26 | Queue | Monk |
| 16:30 | Queue | Spearman |
| 16:56 | Build | Farm |
| 16:57 | Build | Farm |
| 16:58 | Build | Farm |
| 17:02 | Queue | Knight |
| 17:02 | Queue | Knight |
| 17:32 | Queue | Monk |
| 17:32 | Queue | Monk |
| 17:33 | Queue | Monk |
| 17:40 | Queue | Spearman |
| 17:41 | Queue | Spearman |
| 17:41 | Queue | Spearman |
| 17:46 | Queue | Villager (Male) |
| 17:46 | Queue | Villager (Male) |
| 17:46 | Queue | Villager (Male) |
| 17:48 | Build | Farm |
| 17:50 | Build | Farm |
| 17:51 | Build | Farm |
| 17:52 | Build | Farm |
| 17:54 | Build | Farm |
| 18:01 | Queue | Villager (Male) |
| 18:01 | Queue | Villager (Male) |
| 18:04 | Build | House |
| 18:05 | Build | House |
| 18:08 | Build | House |
| 18:50 | Queue | Monk |
| 19:14 | Build | Farm |
| 19:15 | Build | Farm |
| 19:16 | Build | Farm |
| 19:19 | Queue | Villager (Male) |
| 19:19 | Queue | Villager (Male) |
| 19:24 | Build | House |
| 19:26 | Build | House |
| 19:32 | Research | Horse Collar |
| 19:44 | Queue | Villager (Male) |
| 19:44 | Queue | Villager (Male) |
| 19:48 | Queue | Knight |
| 19:49 | Queue | Knight |
| 19:49 | Queue | Knight |
| 20:10 | Research | Gold Shaft Mining |
| 20:51 | Research | Husbandry |
| 20:52 | Research | Scale Barding Armor |
| 20:58 | Queue | Villager (Male) |
| 20:58 | Queue | Villager (Male) |
| 21:05 | Research | Loom |
| 21:06 | Queue | Villager (Male) |
| 21:06 | Queue | Villager (Male) |
| 21:07 | Queue | Villager (Male) |
| 21:12 | Build | Stable |
| 21:27 | Queue | Villager (Male) |
| 21:28 | Queue | Villager (Male) |
| 21:31 | Build | Farm |
| 22:23 | Research | Forging |
| 22:26 | Build | Farm |
| 22:27 | Queue | Villager (Male) |
| 22:28 | Queue | Villager (Male) |
| 22:28 | Queue | Villager (Male) |
| 22:36 | Build | Lumber Camp |
| 23:23 | Build | Stable |
| 23:25 | Queue | Knight |
| 23:25 | Queue | Knight |
| 23:26 | Queue | Knight |
| 23:26 | Queue | Knight |
| 23:54 | Build | Mining Camp |
| 23:56 | Queue | Knight |
| 23:56 | Queue | Knight |
| 23:57 | Queue | Knight |
| 23:57 | Queue | Knight |
Build order — not_a_horseman
First 150 of 250 actions detected
| 0:01 | Queue | Villager (Male) |
| 0:01 | Queue | Villager (Male) |
| 0:02 | Queue | Villager (Male) |
| 0:02 | Queue | Villager (Male) |
| 0:03 | Build | House |
| 0:04 | Build | House |
| 1:29 | Queue | Villager (Male) |
| 1:49 | Build | Lumber Camp |
| 2:01 | Queue | Villager (Male) |
| 2:01 | Queue | Villager (Male) |
| 2:18 | Queue | Villager (Male) |
| 2:51 | Queue | Villager (Male) |
| 2:52 | Queue | Villager (Male) |
| 3:08 | Queue | Villager (Male) |
| 3:34 | Build | House |
| 3:35 | Build | House |
| 3:41 | Queue | Villager (Male) |
| 3:41 | Queue | Villager (Male) |
| 4:00 | Queue | Villager (Male) |
| 4:00 | Queue | Villager (Male) |
| 4:20 | Queue | Villager (Male) |
| 4:20 | Queue | Villager (Male) |
| 4:47 | Queue | Villager (Male) |
| 4:54 | Build | House |
| 4:55 | Build | House |
| 5:27 | Queue | Villager (Male) |
| 5:28 | Queue | Villager (Male) |
| 5:28 | Queue | Villager (Male) |
| 5:46 | Build | Mill |
| 6:12 | Queue | Villager (Male) |
| 6:12 | Queue | Villager (Male) |
| 6:13 | Queue | Villager (Male) |
| 7:12 | Build | Mill |
| 7:16 | Queue | Villager (Male) |
| 7:37 | Research | Feudal Age |
| 7:58 | Build | Lumber Camp |
| 8:53 | Build | Mining Camp |
| 9:41 | Queue | Villager (Male) |
| 9:41 | Queue | Villager (Male) |
| 10:07 | Age | Feudal Age |
| 10:12 | Build | Market |
| 10:24 | Research | Double-Bit Axe |
| 11:02 | Build | Blacksmith |
| 11:07 | Queue | Villager (Male) |
| 11:08 | Queue | Villager (Male) |
| 11:36 | Build | Farm |
| 11:46 | Build | Farm |
| 11:54 | Build | Farm |
| 11:57 | Queue | Villager (Male) |
| 12:08 | Build | Farm |
| 12:16 | Queue | Villager (Male) |
| 12:26 | Build | Farm |
| 12:38 | Queue | Villager (Male) |
| 12:54 | Build | Farm |
| 13:19 | Research | Castle Age |
| 13:50 | Build | House |
| 13:51 | Build | House |
| 13:52 | Build | House |
| 14:01 | Build | Barracks |
| 14:08 | Research | Horse Collar |
| 15:33 | Build | Archery Range |
| 15:41 | Queue | Villager (Male) |
| 15:41 | Queue | Villager (Male) |
| 15:59 | Age | Castle Age |
| 16:05 | Queue | Villager (Male) |
| 16:12 | Build | Town Center |
| 16:18 | Build | Town Center |
| 16:38 | Build | Mining Camp |
| 16:41 | Queue | Villager (Male) |
| 17:10 | Queue | Archer |
| 17:10 | Queue | Archer |
| 17:10 | Queue | Archer |
| 17:11 | Queue | Archer |
| 17:14 | Queue | Villager (Male) |
| 17:31 | Queue | Villager (Male) |
| 17:32 | Queue | Villager (Male) |
| 17:32 | Queue | Villager (Male) |
| 17:37 | Queue | Villager (Male) |
| 17:37 | Queue | Villager (Male) |
| 17:37 | Queue | Villager (Male) |
| 17:43 | Build | Farm |
| 17:45 | Build | Farm |
| 17:59 | Queue | Villager (Male) |
| 18:16 | Build | Monastery |
| 18:21 | Research | Fletching |
| 18:24 | Research | Loom |
| 18:28 | Queue | Villager (Male) |
| 18:36 | Queue | Archer |
| 18:40 | Build | Farm |
| 18:41 | Build | Farm |
| 18:44 | Queue | Villager (Male) |
| 18:50 | Queue | Villager (Male) |
| 18:56 | Build | Farm |
| 18:58 | Build | Farm |
| 19:00 | Build | Farm |
| 19:02 | Queue | Villager (Male) |
| 19:04 | Queue | Monk |
| 19:04 | Queue | Monk |
| 19:24 | Build | Farm |
| 19:27 | Build | Farm |
| 19:29 | Build | Farm |
| 19:32 | Build | Farm |
| 19:33 | Build | Farm |
| 19:36 | Queue | Villager (Male) |
| 19:48 | Queue | Villager (Male) |
| 19:50 | Queue | Villager (Male) |
| 19:54 | Queue | Villager (Male) |
| 20:17 | Queue | Villager (Male) |
| 20:37 | Build | Mill |
| 20:40 | Build | Farm |
| 20:40 | Build | Farm |
| 20:41 | Build | Farm |
| 20:41 | Build | Farm |
| 20:41 | Build | Farm |
| 20:41 | Build | Farm |
| 20:42 | Build | Farm |
| 20:45 | Queue | Villager (Male) |
| 20:48 | Queue | Villager (Male) |
| 20:49 | Queue | Villager (Male) |
| 20:53 | Queue | Villager (Male) |
| 20:53 | Queue | Villager (Male) |
| 21:15 | Build | Farm |
| 21:18 | Build | House |
| 21:19 | Build | House |
| 21:20 | Build | House |
| 21:24 | Build | House |
| 21:25 | Build | House |
| 21:43 | Queue | Villager (Male) |
| 21:43 | Queue | Villager (Male) |
| 21:45 | Queue | Villager (Male) |
| 21:46 | Queue | Villager (Male) |
| 21:46 | Queue | Villager (Male) |
| 21:46 | Queue | Villager (Male) |
| 21:49 | Queue | Villager (Male) |
| 21:50 | Queue | Villager (Male) |
| 21:52 | Build | Farm |
| 21:54 | Build | Farm |
| 21:57 | Queue | Archer |
| 21:57 | Queue | Archer |
| 22:01 | Queue | Villager (Male) |
| 22:11 | Research | Stone Mining |
| 22:26 | Queue | Villager (Male) |
| 22:29 | Queue | Villager (Male) |
| 22:45 | Build | Farm |
| 22:46 | Build | Farm |
| 22:52 | Build | Farm |
| 22:55 | Queue | Villager (Male) |
| 23:00 | Build | Farm |
| 23:20 | Build | Farm |
| 23:23 | Queue | Villager (Male) |
Build order — LMG_Leonardo
First 150 of 304 actions detected
| 0:01 | Queue | Villager (Male) |
| 0:01 | Queue | Villager (Male) |
| 0:01 | Queue | Villager (Male) |
| 0:02 | Queue | Villager (Male) |
| 0:02 | Queue | Villager (Male) |
| 0:03 | Build | House |
| 0:05 | Build | House |
| 1:25 | Queue | Villager (Male) |
| 2:09 | Queue | Villager (Male) |
| 2:11 | Build | Lumber Camp |
| 2:23 | Queue | Villager (Male) |
| 2:49 | Queue | Villager (Male) |
| 3:01 | Queue | Villager (Male) |
| 3:32 | Queue | Villager (Male) |
| 3:33 | Queue | Villager (Male) |
| 3:42 | Build | House |
| 3:44 | Build | House |
| 3:45 | Build | House |
| 3:53 | Queue | Villager (Male) |
| 3:53 | Queue | Villager (Male) |
| 4:13 | Build | Mill |
| 4:16 | Queue | Villager (Male) |
| 4:16 | Queue | Villager (Male) |
| 4:46 | Queue | Villager (Male) |
| 4:46 | Queue | Villager (Male) |
| 5:36 | Queue | Villager (Male) |
| 5:54 | Queue | Villager (Male) |
| 5:54 | Queue | Villager (Male) |
| 5:55 | Queue | Villager (Male) |
| 5:55 | Queue | Villager (Male) |
| 6:31 | Queue | Villager (Male) |
| 6:32 | Queue | Villager (Male) |
| 6:32 | Queue | Villager (Male) |
| 7:20 | Build | Mining Camp |
| 8:10 | Research | Feudal Age |
| 10:27 | Age | Feudal Age |
| 10:29 | Build | Market |
| 10:31 | Build | Blacksmith |
| 10:45 | Queue | Villager (Male) |
| 10:45 | Queue | Villager (Male) |
| 10:47 | Queue | Villager (Male) |
| 11:25 | Research | Loom |
| 11:35 | Build | Farm |
| 11:38 | Build | Farm |
| 11:41 | Build | Farm |
| 11:56 | Research | Castle Age |
| 11:56 | Research | Castle Age |
| 12:07 | Build | Lumber Camp |
| 12:21 | Build | House |
| 12:25 | Build | House |
| 12:38 | Queue | Villager (Male) |
| 12:38 | Queue | Villager (Male) |
| 12:45 | Research | Double-Bit Axe |
| 13:05 | Build | Barracks |
| 13:17 | Build | Farm |
| 13:38 | Build | Farm |
| 14:21 | Age | Castle Age |
| 14:22 | Queue | Villager (Male) |
| 14:22 | Queue | Villager (Male) |
| 14:25 | Build | Monastery |
| 14:33 | Queue | Spearman |
| 14:33 | Queue | Spearman |
| 14:42 | Build | Town Center |
| 14:47 | Queue | Villager (Male) |
| 15:08 | Queue | Villager (Male) |
| 15:21 | Queue | Monk |
| 15:21 | Queue | Monk |
| 15:33 | Queue | Villager (Male) |
| 15:36 | Build | Farm |
| 15:40 | Build | Farm |
| 15:44 | Build | Town Center |
| 16:04 | Queue | Villager (Male) |
| 16:04 | Queue | Villager (Male) |
| 16:08 | Queue | Monk |
| 16:33 | Queue | Villager (Male) |
| 16:33 | Queue | Villager (Male) |
| 16:33 | Queue | Villager (Male) |
| 16:36 | Build | Farm |
| 16:40 | Build | Farm |
| 16:41 | Build | Farm |
| 16:41 | Build | Farm |
| 16:59 | Build | Farm |
| 17:01 | Build | Farm |
| 17:19 | Queue | Villager (Male) |
| 17:19 | Queue | Villager (Male) |
| 17:19 | Queue | Villager (Male) |
| 17:23 | Build | Farm |
| 17:31 | Build | Farm |
| 17:31 | Build | Farm |
| 17:31 | Build | Farm |
| 17:33 | Queue | Villager (Male) |
| 17:33 | Queue | Villager (Male) |
| 17:45 | Queue | Villager (Male) |
| 17:50 | Build | Farm |
| 17:53 | Build | Farm |
| 17:57 | Queue | Villager (Male) |
| 17:57 | Queue | Villager (Male) |
| 18:02 | Queue | Villager (Male) |
| 18:03 | Queue | Villager (Male) |
| 18:03 | Queue | Villager (Male) |
| 18:03 | Queue | Villager (Male) |
| 18:07 | Build | Farm |
| 18:14 | Build | Farm |
| 18:22 | Queue | Villager (Male) |
| 18:22 | Queue | Villager (Male) |
| 18:23 | Queue | Villager (Male) |
| 18:45 | Queue | Villager (Male) |
| 18:46 | Queue | Villager (Male) |
| 18:46 | Queue | Villager (Male) |
| 18:46 | Queue | Villager (Male) |
| 18:50 | Build | House |
| 19:03 | Research | Wheelbarrow |
| 19:06 | Queue | Villager (Male) |
| 19:06 | Queue | Villager (Male) |
| 19:11 | Build | House |
| 19:12 | Build | House |
| 19:13 | Build | House |
| 19:14 | Build | House |
| 19:20 | Queue | Villager (Male) |
| 19:20 | Queue | Villager (Male) |
| 19:20 | Queue | Villager (Male) |
| 19:27 | Build | Stable |
| 19:33 | Queue | Villager (Male) |
| 19:40 | Build | Farm |
| 19:41 | Build | Farm |
| 19:41 | Build | Farm |
| 19:41 | Build | Farm |
| 19:43 | Queue | Villager (Male) |
| 20:01 | Queue | Villager (Male) |
| 20:01 | Queue | Villager (Male) |
| 20:01 | Queue | Villager (Male) |
| 20:11 | Queue | Villager (Male) |
| 20:11 | Queue | Villager (Male) |
| 20:14 | Build | Farm |
| 20:14 | Build | Farm |
| 20:24 | Research | Horse Collar |
| 20:30 | Build | Farm |
| 20:34 | Build | Farm |
| 20:36 | Queue | Villager (Male) |
| 20:36 | Queue | Villager (Male) |
| 20:44 | Build | Farm |
| 20:53 | Queue | Villager (Male) |
| 20:53 | Queue | Villager (Male) |
| 20:54 | Queue | Villager (Male) |
| 21:05 | Queue | Villager (Male) |
| 21:06 | Queue | Villager (Male) |
| 21:09 | Build | Farm |
| 21:16 | Research | Bow Saw |
| 21:17 | Research | Bow Saw |
| 21:22 | Queue | Villager (Male) |
Build order — Jordan
First 150 of 255 actions detected
| 0:01 | Queue | Villager (Male) |
| 0:01 | Queue | Villager (Male) |
| 0:02 | Queue | Villager (Male) |
| 0:02 | Queue | Villager (Male) |
| 0:02 | Queue | Villager (Male) |
| 0:02 | Queue | Villager (Male) |
| 0:04 | Build | House |
| 0:06 | Build | House |
| 1:38 | Queue | Villager (Male) |
| 1:38 | Queue | Villager (Male) |
| 1:47 | Build | Lumber Camp |
| 2:08 | Queue | Villager (Male) |
| 2:08 | Queue | Villager (Male) |
| 2:23 | Queue | Villager (Male) |
| 2:23 | Queue | Villager (Male) |
| 2:56 | Queue | Villager (Male) |
| 2:56 | Queue | Villager (Male) |
| 3:08 | Queue | Villager (Male) |
| 3:08 | Queue | Villager (Male) |
| 3:35 | Queue | Villager (Male) |
| 3:35 | Queue | Villager (Male) |
| 3:57 | Build | Mill |
| 4:01 | Queue | Villager (Male) |
| 4:01 | Queue | Villager (Male) |
| 4:36 | Build | House |
| 4:48 | Research | Loom |
| 4:48 | Queue | Villager (Male) |
| 5:16 | Queue | Villager (Male) |
| 5:34 | Queue | Villager (Male) |
| 6:06 | Queue | Villager (Male) |
| 6:06 | Queue | Villager (Male) |
| 6:11 | Build | Mill |
| 6:27 | Build | House |
| 6:59 | Build | Mining Camp |
| 7:01 | Queue | Villager (Male) |
| 7:11 | Queue | Villager (Male) |
| 7:54 | Build | Farm |
| 7:59 | Queue | Villager (Male) |
| 7:59 | Queue | Villager (Male) |
| 7:59 | Queue | Villager (Male) |
| 8:00 | Queue | Villager (Male) |
| 8:05 | Build | House |
| 8:24 | Build | Farm |
| 9:08 | Research | Feudal Age |
| 9:47 | Build | House |
| 9:56 | Queue | Villager (Male) |
| 9:56 | Queue | Villager (Male) |
| 10:59 | Build | Barracks |
| 11:38 | Age | Feudal Age |
| 11:50 | Build | Blacksmith |
| 11:59 | Build | Stable |
| 12:11 | Build | House |
| 12:13 | Build | House |
| 12:25 | Build | Stone Wall |
| 12:28 | Queue | Villager (Male) |
| 12:29 | Queue | Villager (Male) |
| 12:37 | Build | Farm |
| 12:45 | Queue | Villager (Male) |
| 13:28 | Research | Castle Age |
| 13:35 | Build | Farm |
| 13:35 | Build | Farm |
| 13:36 | Build | Farm |
| 13:36 | Build | Farm |
| 13:36 | Build | Farm |
| 13:36 | Build | Farm |
| 13:37 | Build | Farm |
| 13:37 | Build | Farm |
| 13:48 | Research | Horse Collar |
| 14:07 | Queue | Villager (Male) |
| 14:16 | Research | Double-Bit Axe |
| 14:26 | Build | Farm |
| 14:26 | Build | Farm |
| 14:27 | Build | Farm |
| 14:45 | Build | Farm |
| 15:22 | Queue | Villager (Male) |
| 15:53 | Build | Stable |
| 16:02 | Age | Castle Age |
| 16:07 | Queue | Villager (Male) |
| 16:10 | Queue | Camel Scout |
| 16:11 | Queue | Camel Scout |
| 16:27 | Build | Town Center |
| 16:37 | Queue | Knight |
| 16:43 | Queue | Knight |
| 16:56 | Build | Farm |
| 16:58 | Queue | Villager (Male) |
| 17:14 | Build | Farm |
| 17:28 | Queue | Villager (Male) |
| 17:29 | Queue | Villager (Male) |
| 17:32 | Queue | Knight |
| 17:33 | Queue | Knight |
| 17:42 | Queue | Knight |
| 17:48 | Queue | Villager (Male) |
| 17:48 | Queue | Villager (Male) |
| 18:01 | Queue | Villager (Male) |
| 18:15 | Build | Farm |
| 18:19 | Build | Farm |
| 18:20 | Build | Farm |
| 18:20 | Build | Farm |
| 18:29 | Build | House |
| 18:30 | Build | House |
| 18:31 | Build | House |
| 18:32 | Build | House |
| 18:32 | Build | House |
| 18:35 | Queue | Villager (Male) |
| 18:37 | Queue | Knight |
| 18:44 | Queue | Villager (Male) |
| 18:44 | Queue | Villager (Male) |
| 18:53 | Build | Farm |
| 18:53 | Build | Farm |
| 18:53 | Build | Farm |
| 18:54 | Build | Farm |
| 18:54 | Build | Farm |
| 18:54 | Build | Farm |
| 18:54 | Build | Farm |
| 18:55 | Build | Farm |
| 18:55 | Build | Farm |
| 18:55 | Build | Farm |
| 18:56 | Build | Farm |
| 18:56 | Build | Farm |
| 18:56 | Build | Farm |
| 18:56 | Build | Farm |
| 18:57 | Build | Farm |
| 18:57 | Build | Farm |
| 18:57 | Build | Farm |
| 18:58 | Build | Farm |
| 18:58 | Build | Farm |
| 18:58 | Build | Farm |
| 19:01 | Queue | Villager (Male) |
| 19:09 | Queue | Knight |
| 19:09 | Queue | Knight |
| 19:46 | Queue | Villager (Male) |
| 19:46 | Queue | Villager (Male) |
| 19:47 | Queue | Villager (Male) |
| 19:59 | Queue | Knight |
| 19:59 | Queue | Knight |
| 20:08 | Build | Farm |
| 20:08 | Build | Farm |
| 20:09 | Build | Farm |
| 20:09 | Build | Farm |
| 20:43 | Queue | Villager (Male) |
| 20:44 | Queue | Villager (Male) |
| 20:49 | Research | Bloodlines |
| 20:52 | Queue | Knight |
| 20:52 | Queue | Knight |
| 21:03 | Build | House |
| 21:03 | Build | House |
| 21:04 | Build | House |
| 21:04 | Build | House |
| 21:04 | Build | House |
| 21:04 | Build | House |
Build order — LMG_SON SABANDIJAS
First 150 of 178 actions detected
| 0:01 | Queue | Villager (Male) |
| 0:01 | Queue | Villager (Male) |
| 0:02 | Build | House |
| 0:04 | Build | House |
| 0:11 | Queue | Villager (Male) |
| 0:12 | Queue | Villager (Male) |
| 0:12 | Queue | Villager (Male) |
| 1:15 | Queue | Villager (Male) |
| 1:16 | Queue | Villager (Male) |
| 1:16 | Queue | Villager (Male) |
| 1:45 | Queue | Villager (Male) |
| 1:46 | Queue | Villager (Male) |
| 2:13 | Build | Lumber Camp |
| 2:22 | Queue | Villager (Male) |
| 2:23 | Queue | Villager (Male) |
| 2:23 | Queue | Villager (Male) |
| 2:40 | Queue | Villager (Male) |
| 2:41 | Queue | Villager (Male) |
| 3:09 | Queue | Villager (Male) |
| 3:09 | Queue | Villager (Male) |
| 3:09 | Queue | Villager (Male) |
| 3:39 | Build | House |
| 3:50 | Queue | Villager (Male) |
| 3:51 | Queue | Villager (Male) |
| 3:59 | Build | House |
| 4:24 | Queue | Villager (Male) |
| 4:24 | Queue | Villager (Male) |
| 4:25 | Queue | Villager (Male) |
| 4:54 | Build | Mill |
| 5:01 | Queue | Villager (Male) |
| 5:01 | Queue | Villager (Male) |
| 5:30 | Build | House |
| 5:32 | Build | House |
| 5:36 | Queue | Villager (Male) |
| 5:36 | Queue | Villager (Male) |
| 5:59 | Queue | Villager (Male) |
| 5:59 | Queue | Villager (Male) |
| 6:22 | Build | Lumber Camp |
| 7:11 | Build | Mining Camp |
| 7:20 | Queue | Villager (Male) |
| 7:20 | Queue | Villager (Male) |
| 7:34 | Build | Farm |
| 7:48 | Queue | Villager (Male) |
| 7:59 | Build | Farm |
| 8:00 | Queue | Villager (Male) |
| 8:00 | Queue | Villager (Male) |
| 8:27 | Queue | Villager (Male) |
| 8:49 | Build | Farm |
| 9:17 | Build | Farm |
| 9:39 | Build | Farm |
| 9:57 | Research | Feudal Age |
| 11:00 | Queue | Villager (Male) |
| 11:00 | Queue | Villager (Male) |
| 11:01 | Queue | Villager (Male) |
| 11:08 | Build | Farm |
| 11:54 | Build | Farm |
| 12:11 | Age | Feudal Age |
| 12:17 | Build | Market |
| 12:21 | Build | Blacksmith |
| 12:45 | Research | Double-Bit Axe |
| 12:46 | Research | Horse Collar |
| 13:17 | Queue | Villager (Male) |
| 13:46 | Research | Castle Age |
| 13:55 | Build | Farm |
| 14:14 | Queue | Villager (Male) |
| 14:14 | Queue | Villager (Male) |
| 14:27 | Build | Farm |
| 14:33 | Queue | Villager (Male) |
| 14:34 | Queue | Villager (Male) |
| 15:01 | Build | House |
| 16:31 | Age | Castle Age |
| 16:33 | Queue | Villager (Male) |
| 16:41 | Build | Siege Workshop |
| 16:48 | Build | Monastery |
| 17:08 | Build | Farm |
| 17:10 | Build | Farm |
| 17:12 | Build | Farm |
| 17:15 | Build | Farm |
| 17:19 | Build | Farm |
| 17:29 | Build | Farm |
| 17:36 | Queue | Villager (Male) |
| 17:56 | Build | Barracks |
| 18:31 | Research | Imperial Age |
| 18:36 | Queue | Monk |
| 19:03 | Queue | Villager (Male) |
| 19:03 | Queue | Villager (Male) |
| 19:11 | Queue | Villager (Male) |
| 19:15 | Build | Archery Range |
| 19:23 | Research | Padded Archer Armor |
| 19:23 | Research | Padded Archer Armor |
| 19:44 | Build | House |
| 20:07 | Build | House |
| 20:15 | Build | Archery Range |
| 20:45 | Build | House |
| 20:49 | Build | Farm |
| 21:20 | Build | House |
| 21:29 | Build | House |
| 21:41 | Age | Imperial Age |
| 21:43 | Queue | Hand Cannoneer |
| 21:43 | Queue | Hand Cannoneer |
| 21:43 | Queue | Hand Cannoneer |
| 21:45 | Queue | Bombard Cannon |
| 21:45 | Queue | Bombard Cannon |
| 21:50 | Queue | Hand Cannoneer |
| 21:51 | Queue | Villager (Male) |
| 21:52 | Queue | Villager (Male) |
| 21:56 | Queue | Hand Cannoneer |
| 21:56 | Queue | Hand Cannoneer |
| 21:56 | Queue | Hand Cannoneer |
| 22:11 | Queue | Hand Cannoneer |
| 22:12 | Queue | Hand Cannoneer |
| 22:17 | Queue | Bombard Cannon |
| 22:18 | Queue | Bombard Cannon |
| 22:35 | Queue | Villager (Male) |
| 22:38 | Build | House |
| 22:39 | Queue | Hand Cannoneer |
| 22:39 | Queue | Hand Cannoneer |
| 22:40 | Queue | Hand Cannoneer |
| 23:13 | Queue | Villager (Male) |
| 23:15 | Queue | Hand Cannoneer |
| 23:15 | Queue | Hand Cannoneer |
| 23:16 | Queue | Hand Cannoneer |
| 23:19 | Build | House |
| 23:31 | Build | Farm |
| 23:40 | Build | House |
| 23:45 | Queue | Hand Cannoneer |
| 23:45 | Queue | Hand Cannoneer |
| 23:48 | Queue | Hand Cannoneer |
| 23:48 | Queue | Hand Cannoneer |
| 23:48 | Queue | Hand Cannoneer |
| 23:56 | Queue | Villager (Male) |
| 23:56 | Queue | Villager (Male) |
| 24:21 | Queue | Bombard Cannon |
| 24:21 | Queue | Bombard Cannon |
| 24:36 | Build | House |
| 24:41 | Build | Farm |
| 24:44 | Queue | Villager (Male) |
| 25:02 | Build | Mining Camp |
| 25:03 | Queue | Villager (Male) |
| 25:03 | Queue | Villager (Male) |
| 25:06 | Queue | Hand Cannoneer |
| 25:06 | Queue | Hand Cannoneer |
| 25:07 | Queue | Hand Cannoneer |
| 25:31 | Queue | Hand Cannoneer |
| 25:31 | Queue | Hand Cannoneer |
| 25:36 | Research | Leather Archer Armor |
| 25:36 | Research | Leather Archer Armor |
| 25:37 | Queue | Villager (Male) |
| 25:38 | Queue | Villager (Male) |
| 25:52 | Queue | Hand Cannoneer |
Build order — big_boss_boy28
First 150 of 236 actions detected
| 0:00 | Queue | Villager (Male) |
| 0:01 | Queue | Villager (Male) |
| 0:01 | Queue | Villager (Male) |
| 0:01 | Queue | Villager (Male) |
| 0:02 | Build | House |
| 0:04 | Build | House |
| 1:30 | Queue | Villager (Male) |
| 1:58 | Queue | Villager (Male) |
| 2:15 | Queue | Villager (Male) |
| 2:45 | Queue | Villager (Male) |
| 2:53 | Queue | Villager (Male) |
| 3:09 | Build | Lumber Camp |
| 3:27 | Queue | Villager (Male) |
| 3:27 | Queue | Villager (Male) |
| 3:44 | Queue | Villager (Male) |
| 3:54 | Queue | Villager (Male) |
| 4:18 | Queue | Villager (Male) |
| 4:21 | Build | House |
| 4:58 | Queue | Villager (Male) |
| 5:07 | Build | Mill |
| 5:46 | Queue | Villager (Male) |
| 5:46 | Queue | Villager (Male) |
| 5:59 | Build | House |
| 6:01 | Queue | Villager (Male) |
| 6:16 | Queue | Villager (Male) |
| 6:16 | Queue | Villager (Male) |
| 6:41 | Queue | Villager (Male) |
| 6:42 | Queue | Villager (Male) |
| 6:53 | Queue | Villager (Male) |
| 7:17 | Queue | Villager (Male) |
| 7:26 | Queue | Villager (Male) |
| 9:03 | Research | Feudal Age |
| 10:50 | Build | Lumber Camp |
| 11:12 | Age | Feudal Age |
| 11:13 | Research | Castle Age |
| 11:39 | Research | Double-Bit Axe |
| 11:46 | Research | Horse Collar |
| 11:53 | Build | House |
| 12:04 | Build | Farm |
| 12:05 | Build | Farm |
| 12:10 | Build | Farm |
| 12:33 | Build | Farm |
| 13:00 | Build | Farm |
| 13:04 | Build | Farm |
| 13:30 | Queue | Villager (Male) |
| 13:53 | Age | Castle Age |
| 13:56 | Build | Town Center |
| 14:02 | Build | Town Center |
| 14:05 | Queue | Villager (Male) |
| 14:08 | Queue | Villager (Male) |
| 14:22 | Build | Farm |
| 14:27 | Build | Farm |
| 14:41 | Queue | Villager (Male) |
| 14:46 | Build | Farm |
| 14:50 | Build | Farm |
| 15:08 | Build | House |
| 15:30 | Build | Farm |
| 15:35 | Queue | Villager (Male) |
| 15:39 | Build | Farm |
| 15:44 | Build | Farm |
| 15:46 | Queue | Villager (Male) |
| 15:50 | Build | House |
| 15:51 | Build | House |
| 15:57 | Queue | Villager (Male) |
| 15:57 | Queue | Villager (Male) |
| 15:57 | Queue | Villager (Male) |
| 15:58 | Queue | Villager (Male) |
| 15:58 | Queue | Villager (Male) |
| 16:01 | Build | Farm |
| 16:43 | Queue | Villager (Male) |
| 16:43 | Queue | Villager (Male) |
| 16:43 | Queue | Villager (Male) |
| 16:44 | Queue | Villager (Male) |
| 16:46 | Build | Farm |
| 16:48 | Build | House |
| 16:49 | Build | House |
| 16:59 | Queue | Villager (Male) |
| 16:59 | Queue | Villager (Male) |
| 17:05 | Build | Farm |
| 17:15 | Queue | Villager (Male) |
| 17:18 | Build | Farm |
| 17:19 | Build | Farm |
| 17:20 | Build | Farm |
| 17:26 | Build | Farm |
| 17:31 | Queue | Villager (Male) |
| 17:31 | Queue | Villager (Male) |
| 17:50 | Queue | Villager (Male) |
| 17:50 | Queue | Villager (Male) |
| 17:55 | Build | House |
| 17:56 | Build | House |
| 17:57 | Build | House |
| 18:03 | Build | Farm |
| 18:04 | Build | Farm |
| 18:10 | Queue | Villager (Male) |
| 18:10 | Queue | Villager (Male) |
| 18:10 | Queue | Villager (Male) |
| 18:33 | Queue | Villager (Male) |
| 18:33 | Queue | Villager (Male) |
| 18:34 | Queue | Villager (Male) |
| 18:40 | Queue | Villager (Male) |
| 18:46 | Queue | Villager (Male) |
| 18:48 | Queue | Villager (Male) |
| 19:11 | Queue | Villager (Male) |
| 19:11 | Queue | Villager (Male) |
| 19:12 | Queue | Villager (Male) |
| 19:12 | Queue | Villager (Male) |
| 19:26 | Build | Town Center |
| 19:49 | Queue | Villager (Male) |
| 19:49 | Queue | Villager (Male) |
| 19:49 | Queue | Villager (Male) |
| 19:50 | Queue | Villager (Male) |
| 19:53 | Build | House |
| 19:59 | Research | Heavy Plow |
| 20:04 | Queue | Villager (Male) |
| 20:05 | Queue | Villager (Male) |
| 20:12 | Build | Farm |
| 20:13 | Build | Farm |
| 20:13 | Build | Farm |
| 20:14 | Build | Farm |
| 20:14 | Build | Farm |
| 20:15 | Build | Farm |
| 20:15 | Build | Farm |
| 20:15 | Build | Farm |
| 20:15 | Build | Farm |
| 20:16 | Build | Farm |
| 20:16 | Build | Farm |
| 20:16 | Build | Farm |
| 20:17 | Build | Farm |
| 20:17 | Build | Farm |
| 20:26 | Queue | Villager (Male) |
| 20:26 | Queue | Villager (Male) |
| 20:27 | Queue | Villager (Male) |
| 20:27 | Queue | Villager (Male) |
| 20:34 | Build | House |
| 20:35 | Build | House |
| 21:00 | Build | Town Center |
| 21:03 | Queue | Villager (Male) |
| 21:03 | Queue | Villager (Male) |
| 21:03 | Queue | Villager (Male) |
| 21:04 | Queue | Villager (Male) |
| 21:04 | Queue | Villager (Male) |
| 21:04 | Queue | Villager (Male) |
| 21:26 | Queue | Villager (Male) |
| 21:27 | Queue | Villager (Male) |
| 21:27 | Queue | Villager (Male) |
| 21:27 | Queue | Villager (Male) |
| 21:28 | Queue | Villager (Male) |
| 21:31 | Build | House |
| 21:31 | Build | House |
| 21:34 | Build | House |
Match timeline
| 10:07 | not_a_horseman · age_up feudal |
| 10:27 | LMG_Leonardo · age_up feudal |
| 10:59 | Jordan · first_building Barracks |
| 11:04 | LMG_HERA DE TEMU · age_up feudal |
| 11:12 | big_boss_boy28 · age_up feudal |
| 11:38 | Jordan · age_up feudal |
| 11:59 | Jordan · first_building Stable |
| 12:11 | LMG_SON SABANDIJAS · age_up feudal |
| 12:25 | Jordan · wall_segment Stone Wall x17 |
| 12:56 | LMG_HERA DE TEMU · first_market_buy 100 food |
| 12:59 | LMG_HERA DE TEMU · first_market_sell 100 wood |
| 13:01 | LMG_SON SABANDIJAS · first_market_buy 100 food |
| 13:05 | LMG_Leonardo · first_building Barracks |
| 13:53 | big_boss_boy28 · age_up castle |
| 14:01 | not_a_horseman · first_building Barracks |
| 14:21 | LMG_Leonardo · age_up castle |
| 14:22 | LMG_HERA DE TEMU · first_building Barracks |
| 14:25 | LMG_Leonardo · first_building Monastery |
| 15:23 | LMG_HERA DE TEMU · first_building Stable |
| 15:33 | not_a_horseman · first_building Archery Range |
| 15:41 | LMG_HERA DE TEMU · age_up castle |
| 15:48 | LMG_HERA DE TEMU · first_building Monastery |
| 15:59 | not_a_horseman · age_up castle |
| 16:02 | Jordan · age_up castle |
| 16:31 | LMG_SON SABANDIJAS · age_up castle |
| 16:41 | LMG_SON SABANDIJAS · first_building Siege Workshop |
| 16:48 | LMG_SON SABANDIJAS · first_building Monastery |
| 16:55 | LMG_SON SABANDIJAS · first_market_sell 100 stone |
| 17:56 | LMG_SON SABANDIJAS · first_building Barracks |
| 18:01 | LMG_Leonardo · first_market_buy 100 food |
| 18:16 | not_a_horseman · first_building Monastery |
| 19:15 | LMG_SON SABANDIJAS · first_building Archery Range |
| 19:27 | LMG_Leonardo · first_building Stable |
| 21:41 | LMG_SON SABANDIJAS · age_up imperial |
| 22:25 | big_boss_boy28 · first_building Siege Workshop |
| 24:20 | big_boss_boy28 · first_building Stable |
| 25:37 | not_a_horseman · first_market_sell 100 wood |
| 26:30 | big_boss_boy28 · first_market_sell 100 stone |
| 27:22 | not_a_horseman · first_building Siege Workshop |
| 27:25 | big_boss_boy28 · first_market_buy 100 food |
| 28:19 | Jordan · resign |
[ AI ANALYSIS · 1 CREDIT ]
What really happened in this match?
Wolo.gg analyzes every decision: build order, eco, micro, common mistakes by bracket. Personalized analysis on WhatsApp or Discord in 30 seconds.
Civ guide
Burgundians
Perfil
Jugador #12168959